 Dungeon Crawl Stone Soup version 0.24.0-1-gfbc8707 (console) character file.

Game seed: 1369016423964855144, levelgen mode: deterministic

4018 MarkNinety9 the Basher (level 10, -5/86 HPs)
             Began as a Minotaur Berserker on Nov 2, 2019.
             Was a High Priest of Trog.
             Slain by a five-headed hydra (7 damage)
             ... on level 1 of the Lair of Beasts on Nov 3, 2019.
             The game lasted 02:48:38 (9684 turns).

MarkNinety9 the Basher (Minotaur Berserker)         Turns: 9684, Time: 02:48:39

Health: -5/86      AC: 13    Str: 24    XL:     10   Next: 3%
Magic:  0/9        EV: 10    Int:  4    God:    Trog [*****.]
Gold:   347        SH:  0    Dex: 16    Spells: 9/9 levels left

rFire    + . .     SeeInvis .   W - +2 flail (holy)
rCold    . . .     Gourm    .   (no shield)
rNeg     + . .     Faith    .   H - +0 chain mail
rPois    .         Spirit   +   (helmet restricted)
rElec    .         Reflect  .   E - +0 cloak {MR+}
rCorr    .         Harm     .   (no gloves)
MR       +....     NoTele   +   A - +0 pair of boots
Stlth    ..........             u - amulet of guardian spirit
HPRegen  0.24/turn              b - ring of positive energy
MPRegen  0.11/turn              Z - ring "Ydwe" {-Tele rF+ Dex+5 Stlth+}

@: berserk cooldown, slowed, very slow
A: retaliatory headbutt, horns 2
a: Berserk, Trog's Hand, Brothers in Arms, Renounce Religion


You were on level 1 of the Lair of Beasts.
You worshipped Trog.
Trog was extremely pleased with you.
You were not hungry.

You visited 2 branches of the dungeon, and saw 9 of its levels.

You collected 479 gold pieces.
You spent 132 gold pieces at shops.

Inventory:

Hand Weapons
 R - a +4 shortbow
 T - a +0 glaive
 V - a +0 war axe
 W - a +2 flail of holy wrath (weapon)
Missiles
 s - 165 arrows
 w - 43 poisoned darts (quivered)
 y - 78 sling bullets
 D - 10 boomerangs
 F - 6 javelins
Armour
 A - a +0 pair of boots (worn)
 E - a +0 cloak of magic resistance (worn)
 H - a +0 chain mail (worn)
 X - a scarf of repulsion
Jewellery
 b - a ring of positive energy (left hand)
 d - a +3 ring of intelligence
 u - an amulet of guardian spirit (around neck)
 S - a +1 ring of evasion
 Z - the ring "Ydwe" (right hand) {-Tele rF+ Dex+5 Stlth+}
   (You found it on level 1 of the Lair of Beasts)

   [ring of stealth]

   It affects your dexterity (+5).
   It protects you from fire.
   It prevents most forms of teleportation.
   It makes you more stealthy.
Wands
 g - a wand of clouds (6)
 I - a wand of flame (27)
 N - a wand of polymorph (10)
 O - a wand of acid (8)
 Q - a wand of disintegration (11)
Scrolls
 f - 6 scrolls of amnesia
 i - 7 scrolls of remove curse
 m - 2 scrolls of enchant weapon
 n - 5 scrolls of enchant armour
 q - a scroll of fog {unknown}
 t - 4 scrolls of teleportation
 v - a scroll of immolation
 x - 3 scrolls of noise
 C - a scroll of summoning {unknown}
 K - 3 scrolls of magic mapping
Potions
 a - a potion of mutation {unknown}
 h - 2 potions of degeneration {unknown}
 j - 2 potions of cancellation
 k - 5 potions of lignification
 l - a potion of berserk rage {unknown}
 o - a potion of brilliance {unknown}
 p - a potion of might {unknown}
 r - a potion of agility {unknown}
 G - a potion of ambrosia {unknown}
 J - 3 potions of haste
 L - 2 potions of magic {unknown}
 M - a potion of invisibility {unknown}
Comestibles
 c - 16 rations
 B - 3 chunks of flesh


   Skills:
 + Level 7.0 Fighting
 + Level 0.7(5.8) Axes
 + Level 8.8 Maces & Flails
 + Level 2.7(2.8) Polearms
 + Level 6.7 Bows
 + Level 7.0 Throwing
 + Level 7.6 Armour
 + Level 3.2 Dodging
 + Level 1.0 Stealth


You had 9 spell levels left.
You didn't know any spells.
Your spell library contained the following spells:

 Spells                   Type           Power        Failure   Level  Hunger
 Beastly Appendage        Tmut           #.....       98%         1    ##.....
 Corona                   Hex            #......      98%         1    ##.....
 Magic Dart               Conj           #...         98%         1    ##.....
 Blink                    Tloc           N/A          99%         2    ###....
 Call Imp                 Summ           #.......     99%         2    ###....
 Ensorcelled Hibernation  Hex/Ice        #.....       99%         2    ###....
 Searing Ray              Conj           #.....       99%         2    ###....
 Slow                     Hex            #.......     99%         2    ###....
 Sticks to Snakes         Tmut           #.......     99%         2    ###....
 Confuse                  Hex            #.......     100%        3    ####...
 Conjure Flame            Conj/Fire      #.......     100%        3    ####...
 Dazzling Spray           Conj/Hex       #.....       100%        3    ####...
 Mephitic Cloud           Conj/Pois/Air  #.......     100%        3    ####...
 Spider Form              Tmut/Pois      #.........   100%        3    ####...
 Tukima's Dance           Hex            #.......     100%        3    ####...
 Force Lance              Conj/Tloc      #.......     100%        4    #####..
 Fulminant Prism          Conj/Hex       #.........   100%        4    #####..
 Ice Form                 Ice/Tmut       #.......     100%        4    #####..
 Iskenderun's Mystic Bla  Conj           #.......     100%        4    #####..
 Blade Hands              Tmut           #.........   100%        5    ######.


Dungeon Overview and Level Annotations

Branches:
Dungeon (8/15)             Temple (0/1) D:7            Lair (1/6) D:8

Altars:
Ashenzari
Elyvilon
Makhleb
Okawaru
Qazlal
Wu Jian
Zin
The Shining One

Shops:
D:6 =   D:7 =


Innate Abilities, Weirdness & Mutations

You reflexively headbutt those who attack you in melee.
You have a pair of horns on your head.


Message History

* * * LOW HITPOINT WARNING * * *
The five-headed hydra bites you!
* * * LOW HITPOINT WARNING * * *
The five-headed hydra bites you but does no damage.
The five-headed hydra barely misses you. x2
You feel better. The five-headed hydra bites you!
* * * LOW HITPOINT WARNING * * *
The five-headed hydra bites you.
* * * LOW HITPOINT WARNING * * *
The five-headed hydra bites you.
* * * LOW HITPOINT WARNING * * *
The five-headed hydra bites you!
* * * LOW HITPOINT WARNING * * *
The five-headed hydra barely misses you.
The five-headed hydra barely misses you.
You furiously retaliate!
You headbutt the five-headed hydra!
The five-headed hydra closely misses you.
The five-headed hydra bites you but does no damage. x2
The five-headed hydra bites you!
You die...

.....♣....#
#.......[........
..P.....#P#
##............... P.P..P..#
##.........♣♣.♣♣. P.......#
#.........♣♣ ≈P♣ .P......#
#.#........♣ .♣ ........##
##.#......♣.♣ ♣ P.P......##
#.#...(.♣♣♣♣♣
..........####.###.÷.♣♣♣P♣≈
......P.....#...@D....≈≈≈≈.≈
#...##...#............♣♣♣♣≈≈
#.#.##......###......♣♣
#............###....#♣
#####.........###...#
#..........##..##
#...........##...
#...)........##..
#....).......# #..


You could see a five-headed hydra.

Vanquished Creatures
  Maurice (D:8)
  A spiny frog (Lair:1)
  A komodo dragon (Lair:1)
  A troll (D:5)
  Prince Ribbit (D:8)
  2 hippogriffs (Lair:1)
  A hungry ghost (D:8)
  2 orc warriors
  An ice beast (D:6)
  A sky beast (D:8)
  An ogre (D:5)
  A black bear (D:3)
  4 centaurs
  A bullfrog (D:7)
  A scorpion (D:4)
  3 electric eels
  2 howler monkeys (D:4)
  A jelly (D:7)
  2 crimson imps
  3 hounds
  A bullfrog skeleton (D:7)
  7 orc priests
  4 orc wizards
  A centaur skeleton (D:4)
  Jessica (D:3)
  An iguana (D:5)
  Terence (D:2)
  3 worker ants
  A killer bee zombie (D:8)
  2 hound skeletons
  6 gnolls
  4 river rats (D:4)
  6 adders
  A shadow imp (D:6)
  2 oozes
  An adder skeleton (D:4)
  3 worms
  3 dart slugs
  4 leopard geckos
  27 orcs
  11 bats
  4 giant cockroaches
  15 goblins
  11 hobgoblins
  4 jackals (D:3)
  3 quokkas
  5 frilled lizards
  A jackal skeleton (D:4)
  10 kobolds
  10 rats
  2 rat zombies (D:8)
  A fungus (D:6)
  A plant (D:5)
188 creatures vanquished.

Notes
Turn   | Place    | Note
-------+----------+-------------------------------------------
     0 | D:1      | MarkNinety9 the Minotaur Berserker began the quest for the
                  | Orb.
     0 | D:1      | Reached XP level 1. HP: 19/19 MP: 0/0
   358 | D:1      | Reached skill level 4 in Maces & Flails
   358 | D:1      | Reached XP level 2. HP: 27/27 MP: 1/1
   903 | D:2      | Reached XP level 3. HP: 33/33 MP: 2/2
   910 | D:2      | Noticed Terence
   925 | D:2      | Killed Terence
  1050 | D:2      | Reached skill level 5 in Maces & Flails
  1050 | D:2      | Reached XP level 4. HP: 39/41 MP: 3/3
  1122 | D:2      | You fall into a shaft and drop 1 floor!
  1165 | D:3      | Reached ** piety under Trog
  1409 | D:2      | Found a shattered altar of Ashenzari.
  1880 | D:3      | Reached skill level 1 in Throwing
  1880 | D:3      | Reached XP level 5. HP: 47/47 MP: 2/4
  2023 | D:3      | Noticed Jessica
  2028 | D:3      | Killed Jessica
  2074 | D:3      | Noticed a black bear
  2081 | D:3      | Killed a black bear
  2081 | D:3      | Reached skill level 6 in Maces & Flails
  2081 | D:3      | Reached XP level 6. HP: 48/55 MP: 3/5
  2668 | D:4      | Found Zin's Purification Station.
  2673 | D:4      | Found a glowing silver altar of Zin.
  2676 | D:4      | Bought a potion of curing for 90 gold pieces
  2725 | D:4      | Found an ornate altar of the Wu Jian Council.
  2783 | D:4      | Identified the +1 robe "Ollec" {Dex+4 Slay+3}
  2799 | D:4      | Reached skill level 5 in Fighting
  3002 | D:4      | Reached *** piety under Trog
  3126 | D:4      | Reached XP level 7. HP: 61/61 MP: 6/6
  3800 | D:5      | Entered Level 5 of the Dungeon
  4026 | D:5      | Noticed a troll
  4039 | D:5      | Killed a troll
  4039 | D:5      | Reached skill level 7 in Maces & Flails
  4039 | D:5      | Reached skill level 5 in Throwing
  4467 | D:5      | Reached skill level 5 in Armour
  4467 | D:5      | Reached XP level 8. HP: 54/69 MP: 5/7
  4839 | D:5      | Reached **** piety under Trog
  5478 | D:6      | Found a stormy altar of Qazlal.
  5599 | D:6      | Reached skill level 8 in Maces & Flails
  5747 | D:6      | Found a white marble altar of Elyvilon.
  5884 | D:6      | Found an iron altar of Okawaru.
  5974 | D:6      | Found Hosaesae's Jewellery Boutique.
  5980 | D:6      | Bought a +1 ring of evasion for 42 gold pieces
  6167 | D:7      | Found a staircase to the Ecumenical Temple.
  6368 | D:7      | Found Kevoagom's Jewellery Boutique.
  6959 | D:7      | Found a burning altar of Makhleb.
  7039 | D:7      | Reached XP level 9. HP: 75/75 MP: 8/8
  7052 | D:7      | Found a glowing golden altar of the Shining One.
  7249 | D:8      | Noticed Prince Ribbit
  7453 | D:8      | Reached skill level 1 in Bows
  7762 | D:8      | Killed Prince Ribbit
  7762 | D:8      | Reached ***** piety under Trog
  7852 | D:8      | Reached skill level 1 in Stealth
  8022 | D:8      | Found an ornate altar of the Wu Jian Council.
  8269 | D:8      | Noticed Maurice
  8349 | D:8      | Reached skill level 1 in Polearms
  8457 | D:8      | Killed Maurice
  8457 | D:8      | Reached skill level 5 in Bows
  8808 | D:8      | Found a staircase to the Lair.
  8814 | Lair:1   | Entered Level 1 of the Lair of Beasts
  9250 | Lair:1   | Noticed a spiny frog
  9260 | Lair:1   | Killed a spiny frog
  9538 | Lair:1   | Got a crude turquoise ring
  9550 | Lair:1   | Identified the ring "Ydwe" {-Tele rF+ Dex+5 Stlth+} (You
                  | found it on level 1 of the Lair of Beasts)
  9635 | Lair:1   | Noticed a five-headed hydra
  9635 | Lair:1   | Noticed a komodo dragon
  9647 | Lair:1   | Killed a komodo dragon
  9647 | Lair:1   | Reached XP level 10. HP: 34/86 MP: 1/9
  9683 | Lair:1   | HP: 1/86 [five-headed hydra (7)]
  9684 | Lair:1   | Slain by a five-headed hydra

Levels and vault maps discovered:
D:1:      evilmike_arrival_fibonacci_small, layout_basic
D:2:      layout_rooms, evilmike_ruin_ashenzari, uniq_terence
D:3:      layout_basic, minmay_liquid_box, uniq_jessica
D:4:      minmay_general_purpose_star, layout_basic, marbit_many_paths,
          zin_purify, portal_sewer_entry_e, serial_curves, eino_curves_02,
          eino_curves_02
D:5:      corexii_shantytown, layout_basic, first_ration
D:6:      layout_cave_pools, grunt_qazlal_clouds, elyvilon_altar_1,
          nicolae_overflow_crystal_walls, serial_shops, shop,
          chequers_serial_rivers_micro_b
D:7:      layout_loops_ring, lightli_temple_of_fire,
          nicolae_tso_swordbearing_angel, minmay_temple_entry_statues_fountains,
          serial_shops, nicolae_shop_crystal
D:8:      layout_basic, lair_entry_dummy, basic_altar, enter_ossuary_4,
          serial_bayou_lagoon_a, uniq_maurice, uniq_prince_ribbit1
Lair:1:   layout_cave_pods, st_stairs_9, grunt_forest_small_clearings,
          serial_bayou_crossing, infiniplex_staircase_pool

Skill      XL: |  1  2  3  4  5  6  7  8  9 |
---------------+----------------------------+-----
Maces & Flails | 4 5 6 7 8 |  8.8
Fighting       | 4 5 7 |  7.0
Armour         | 3 5 6 7 |  7.6
Throwing       | 1 2 4 5 6 7 |  7.0
Bows           | 6 |  6.7
Stealth        | 1 |  1.0
Polearms       | 2 |  2.7
Dodging        | 3 |  3.2
Axes           | |  0.7

Action                   |  1- 3 |  4- 6 |  7- 9 | 10-12 || total
-------------------------+-------+-------+-------+-------++-------
Melee: Mace              |    69 |    84 |   177 |       ||   330
       Headbutt          |    12 |    18 |    49 |       ||    79
       Morningstar       |       |     3 |    15 |       ||    18
       Glaive            |       |       |    30 |       ||    30
       War axe           |       |       |    17 |       ||    17
       Shortbow          |       |       |     5 |       ||     5
 Fire: Shortbow          |       |       |   159 |       ||   159
Throw: Stone             |     4 |     5 |       |       ||     9
       Dart              |       |    80 |    85 |     1 ||   166
       Javelin           |       |     5 |    22 |       ||    27
Invok: Berserk           |       |     1 |     1 |     1 ||     3
  Use: Scroll            |       |       |    14 |     1 ||    15
       Potion            |       |       |     5 |     1 ||     6
  Eat: Chunk             |       |     6 |     7 |     1 ||    14
       Ration            |       |     1 |     4 |       ||     5
Armor: Chain mail        |    34 |    50 |   144 |     7 ||   235
       Scale mail        |     1 |       |       |       ||     1
Dodge: Dodged            |    21 |    50 |   144 |     7 ||   222
